 Dungeon Crawl Stone Soup version 0.30-a0-949-g53dc5368d7 (webtiles) character file.

Game seed: 1842876877689352260

1323 mopl the Tainter (level 8, -3/52 HPs)
             Began as a Formicid Venom Mage on Mar 27, 2023.
             Was a Priest of Fedhas.
             Slain by a steam dragon (5 damage)
             ... on level 6 of the Dungeon.
             The game lasted 00:06:51 (4115 turns).

mopl the Tainter (Formicid Venom Mage)              Turns: 4115, Time: 00:06:51

Health: -3/52      AC:  9    Str: 15    XL:     8   Next: 90%
Magic:  5/14       EV: 11    Int: 15    God:    Fedhas [***...]
Gold:   189        SH:  0    Dex: 14    Spells: 8/13 levels left

rFire   . . .      SeeInvis +    b - +5 trident (flame)
rCold   . . .      Faith    .    (no shield)
rNeg    . . .      Spirit   .    y - +4 ring mail
rPois   .          Reflect  .    (helmet unavailable)
rElec   .          Rampage  .    (no cloak)
rCorr   .                        (no gloves)
Will    .....                    (no boots)
Stlth   +                        (no amulet)
HPRegen 0.28/turn                (no ring)
MPRegen 0.14/turn                (no ring)

@: no status effects
A: permanent stasis, dig shafts and tunnels, antennae 3, four strong arms
a: Dig, Shaft Self, Renounce Religion, Wall of Briars, Grow Ballistomycete


You were on level 6 of the Dungeon.
You worshipped Fedhas.
Fedhas was most pleased with you.
You visited 1 branch of the dungeon, and saw 6 of its levels.

You collected 301 gold pieces.
You spent 112 gold pieces at shops.

Inventory:

Hand Weapons
 a - a +2 spear of venom
 b - a +5 trident of flaming (weapon)
Missiles
 f - 12 boomerangs
 v - a throwing net
Armour
 j - the +1 robe "Mauhaal" {Fly Slay+2}
   (You found it on level 2 of the Dungeon)

   Slay:      It affects your accuracy & damage with ranged weapons and melee
   (+2).
   Fly:       It grants you flight.
 y - a +4 ring mail (worn)
Jewellery
 p - the ring of Qiyl {Fire *Corrode rElec Dex+2}
   (You found it on level 2 of the Dungeon)

   [ring of fire]

   It enhances your fire magic.
   Dex:       It affects your dexterity (+2).
   rF:        It protects you from fire.
   rC:        It makes you vulnerable to cold.
   rElec:     It insulates you from electricity.
   *Corrode:  It may corrode you when you take damage.
 r - a ring of flight
 B - a ring of fire
Scrolls
 c - 2 scrolls of poison {unknown}
 d - 8 scrolls of identify {unknown}
 e - a scroll of noise {unknown}
 g - 3 scrolls of fear {unknown}
 i - 3 scrolls of vulnerability {unknown}
 n - a scroll of teleportation {unknown}
 q - a scroll of enchant armour {unknown}
 u - 3 scrolls of blinking {unknown}
 w - a scroll of immolation {unknown}
 x - a scroll of enchant weapon {unknown}
 A - a scroll of fog {unknown}
 C - a scroll of torment {unknown}
Potions
 h - a potion of mutation {unknown}
 k - 3 potions of heal wounds {unknown}
 l - a potion of magic
 m - a potion of curing
 o - a potion of haste {unknown}
 s - a potion of resistance {unknown}
 t - 2 potions of brilliance {unknown}
 z - a potion of berserk rage {unknown}


   Skills:
 - Level 1.7 Dodging
 - Level 2.4 Stealth
 - Level 3.0 Spellcasting
 - Level 1.1 Transmutations
 - Level 10.0 Poison Magic
 + Level 8.4 Invocations


You had 8 spell levels left.
You knew the following spells:

 Your Spells              Type           Power      Damage    Failure   Level
a - Sting                 Tmut/Pois      72%        1d6       4%          1
o - Olgreb's Toxic Radia  Pois           32%        N/A       6%          4

Your spell library contained the following spells:

 Spells                   Type           Power      Damage    Failure   Level
 Poisonous Vapours        Pois/Air       34%        N/A       8%          2
 Cigotuvi's Dreadful Rot  Necr/Pois/Air  24%        N/A       16%         2
 Mephitic Cloud           Conj/Pois/Air  12%        N/A       30%         3
 Ozocubu's Armour         Ice            2%         N/A       75%         3
 Dispel Undead            Necr           2%         3d7       98%         4
 Metabolic Englaciation   Hex/Ice        1%         N/A       100%        5
 Death Channel            Necr           1%         N/A       100%        6
 Simulacrum               Ice/Necr       1%         N/A       100%        6


Dungeon Overview and Level Annotations

Branches:
Dungeon (6/15)             Temple (0/1) D:5

Altars:
Ashenzari
Fedhas
Uskayaw
Wu Jian
Xom
Yredelemnul
Lugonu

Shops:
D:1 =   D:2 !*

Portals:
Abyss: D:4


Innate Abilities, Weirdness & Mutations

You cannot be hasted, slowed, berserked, paralysed or teleported.
You can dig through walls and to a lower floor.
You have a pair of large antennae on your head. (SInv)
Your four strong arms can wield two-handed weapons with a shield.


Message History

A shadow imp comes into view.
The centaur shoots an arrow.
The arrow barely misses you.
A kobold brigand comes into view.
It is wielding a +0 dagger and quivering poisoned darts.
Casting: Olgreb's Toxic Radiance (dangerous; 7% risk of failure)
Confirm with . or Enter, or press ? or * to list all spells.
You begin to radiate toxic energy.
The hound is poisoned.
The kobold brigand is poisoned.
The kobold is poisoned.
The centaur looks even sicker.
You kill the kobold!
Fedhas appreciates your contribution to the ecosystem.
The centaur looks as sick as possible!
The centaur shoots an arrow.
The arrow hits you!
* * * LOW HITPOINT WARNING * * *
Unknown command.
Okay, then.
Found a stone staircase leading down.
The centaur looks as sick as possible!
The steam dragon is poisoned.
Your toxic aura wanes.
You kill the centaur!
Fedhas appreciates your contribution to the ecosystem.
The hound bites you but does no damage. The steam dragon barely misses you. x2
The hound bites you but does no damage.
Training target 10.0 for Poison Magic reached!
Your Poison Magic skill increases to level 10!
You closely miss the steam dragon.
The steam dragon is lightly wounded.
The steam dragon breathes steam at you. The ball of steam hits you!
* * * LOW HITPOINT WARNING * * *
The hound closely misses you. The steam dragon barely misses you.
The steam dragon claws you but does no damage.
The shadow imp shouts, "Beg for mercy, thou lumpish shard-borne toady!"
The hound bites you but does no damage.
You hit the steam dragon. You burn the steam dragon.
The steam dragon is moderately wounded.
You are engulfed in a cloud of scalding steam.
The hound barely misses you. The steam dragon closely misses you.
The steam dragon claws you.
You die...
Fedhas appreciates your contribution to the ecosystem.

..... .......# .......#
K.)....### ### #
{c{...!... ... .. #
.K....# #.# #.
.####.##hK.#.# #.# #.
......D@§§...# #.# #.
.....>##.....####.#####.
.#### #........†.......
#.....####.###...
#...........##...
##....####..###..
#####....####..###..
.....................
########.######..##.#


You could see a steam dragon (poisoned, catching breath), a kobold brigand
(poisoned), a hound (poisoned) and a kobold.

Vanquished Creatures
  Grinder (D:3)
  A water moccasin (D:6)
  A black bear (D:6)
  2 centaurs
  2 scorpions
  A howler monkey (D:4)
  2 hounds (D:5)
  2 jellies
  2 gnoll boudas (D:6)
  Terence (D:2)
  4 orc wizards
  An iguana (D:5)
  5 adders
  17 gnolls
  A white imp (D:6)
  An ufetubus (D:5)
  4 worms
  3 dart slugs
  6 orcs
  2 bats (D:3)
  3 endoplasms
  4 giant cockroaches
  5 goblins
  2 hobgoblins
  4 jackals (D:4)
  2 quokkas
  4 ball pythons
  3 frilled lizards
  10 kobolds
  4 rats
  2 lurking horrors (D:4)
102 creatures vanquished.

Vanquished Creatures (others)
  A sleepcap (D:6)
  2 plants (D:2)
3 creatures vanquished.

Grand Total: 105 creatures vanquished

Notes
Turn   | Place    | Note
-------+----------+-------------------------------------------
     0 | D:1      | mopl the Formicid Venom Mage began the quest for the Orb.
     0 | D:1      | Reached XP level 1. HP: 13/13 MP: 3/3
   190 | D:1      | Reached XP level 2. HP: 19/19 MP: 1/5
   197 | D:1      | Found a faded altar of an unknown god.
   206 | D:1      | Prayed at the altar of an unknown god.
   206 | D:1      | Became a worshipper of Fedhas Madash
   206 | D:1      | Reached * piety under Fedhas
   213 | D:1      | Found a faded altar of an unknown god.
   429 | D:1      | Found Emaq Fye's One-of-a-Kind Rings.
   951 | D:2      | Found Socwiywu's Distillery.
   959 | D:2      | Found Gacsoloz's Assorted Antiques.
   960 | D:2      | Bought a potion of degeneration for 14 gold pieces
   974 | D:2      | Reached skill level 1 in Invocations
   974 | D:2      | Reached XP level 3. HP: 19/24 MP: 1/7
  1006 | D:2      | Identified the +1 robe "Mauhaal" {Fly Slay+2}
  1064 | D:2      | Noticed Terence
  1090 | D:2      | Killed Terence
  1091 | D:2      | Reached skill level 3 in Spellcasting
  1091 | D:2      | Reached skill level 5 in Poison Magic
  1091 | D:2      | Reached skill level 2 in Invocations
  1091 | D:2      | Reached XP level 4. HP: 14/30 MP: 3/8
  1152 | D:2      | Bought a glowing yellow potion for 23 gold pieces
  1223 | D:2      | Learned a level 4 spell: Olgreb's Toxic Radiance
  1243 | D:2      | Reached skill level 3 in Invocations
  1243 | D:2      | Reached XP level 5. HP: 35/35 MP: 5/9
  1317 | D:2      | Identified the ring of Qiyl {Fire *Corrode rElec Dex+2}
  1617 | D:3      | Reached skill level 6 in Poison Magic
  1729 | D:3      | Found an ornate altar of the Wu Jian Council.
  1732 | D:3      | Reached ** piety under Fedhas
  1733 | D:3      | Reached XP level 6. HP: 39/41 MP: 10/10
  1759 | D:3      | Reached skill level 4 in Invocations
  1798 | D:3      | Noticed Grinder
  1816 | D:3      | Killed Grinder
  1817 | D:3      | Reached skill level 7 in Poison Magic
  1817 | D:3      | Reached skill level 5 in Invocations
  1817 | D:3      | Reached XP level 7. HP: 30/46 MP: 11/11
  1956 | D:3      | Found a shimmering altar of Xom.
  2134 | D:3      | Found a broken altar of Ashenzari.
  2363 | D:4      | Found a one-way gate to the infinite horrors of the Abyss.
  2374 | D:4      | Found a corrupted altar of Lugonu.
  2542 | D:4      | Reached skill level 8 in Poison Magic
  2542 | D:4      | Reached skill level 6 in Invocations
  2692 | D:4      | Reached *** piety under Fedhas
  2780 | D:4      | Found a hide-covered altar of Uskayaw.
  2931 | D:2      | Bought a scroll labelled HATAFRENUW for 26 gold pieces
  2931 | D:2      | Bought a scroll labelled TUNGAO FULOECHU for 26 gold pieces
  2931 | D:2      | Bought a glowing yellow potion for 23 gold pieces
  2971 | D:5      | Entered Level 5 of the Dungeon
  3126 | D:5      | Found a staircase to the Ecumenical Temple.
  3168 | D:5      | Reached XP level 8. HP: 17/52 MP: 7/13
  3429 | D:5      | Reached skill level 7 in Invocations
  3467 | D:5      | Found a basalt altar of Yredelemnul.
  3501 | D:5      | Reached skill level 9 in Poison Magic
  3878 | D:6      | Found Edyvaluq's Antique Armour Shoppe.
  3919 | D:6      | HP: 1/52 [water moccasin (7)]
  4092 | D:6      | Reached skill level 8 in Invocations
  4114 | D:6      | Reached skill level 10 in Poison Magic
  4114 | D:6      | HP: 1/52 [steam dragon/ball of steam (10)]
  4115 | D:6      | Slain by a steam dragon

Illustrated notes

Levels and vault maps discovered:
D:1:      reono_arrival_mine, layout_basic,
          hellmonk_ecumenical_altar_the_god_not_taken, serial_park_tiny_1,
          nicolae_shop_unique_rings
D:2:      layout_rooms, serial_shops, shop, nicolae_shop_overgrown_old_shop,
          uniq_terence
D:3:      layout_basic, marbit_many_paths, mainiacjoe_overflow_swirl,
          uniq_grinder
D:4:      layout_rooms, mainiacjoe_overflow_brackets, minmay_misc_feat_x,
          amcnicky_altar_lugonu_corruption
D:5:      layout_loops_cross, mainiacjoe_overflow_cross_hatched,
          minmay_temple_entry_mist, serial_bayou_pond_a,
          kennysheep_big_empty_room
D:6:      layout_loops_ring, serial_shops, shop

Skill      XL: |  1  2  3  4  5  6  7  8 |
---------------+-------------------------+-----
Invocations    | 1 2 3 5 6 8 |  8.4
Spellcasting   | 3 |  3.0
Poison Magic   | 5 6 7 8 10 | 10.0
Dodging        | |  1.7
Stealth        | |  2.4
Transmutations | |  1.1

Action                     |  1- 3 |  4- 6 |  7- 9 || total
---------------------------+-------+-------+-------++-------
  Melee: Unarmed           |    16 |       |       ||    16
         Trident           |       |    36 |   118 ||   154
         Punch             |       |       |     1 ||     1
   Cast: Sting             |    36 |    12 |    16 ||    64
         Olgreb's Toxic Ra |       |       |    10 ||    10
    Use: Potion            |       |       |     2 ||     2
   Stab: Sleeping          |       |     2 |     5 ||     7
         Distracted        |       |       |     1 ||     1
 Armour: Robe              |     5 |     2 |    18 ||    25
         Ring mail         |       |       |    21 ||    21
  Dodge: Dodged            |    22 |    14 |    95 ||   131

Table legend: (Time is in decaauts)
 A = Elapsed time spent in this place.
 B = Non-inter-level travel time spent in this place.
 C = Inter-level travel time spent in this place.
 D = Time resting spent in this place.
 E = Time spent auto-exploring this place.
 F = Levels seen in this place.
 G = Mean time per level.
                   A        B        C        D        E       F      G
               +--------+--------+--------+--------+--------+-----+--------+
         Total |   4162 |   3928 |    234 |    569 |   2621 |   6 |  693.7 |
       Dungeon |   4162 |   3928 |    234 |    569 |   2621 |   6 |  693.7 |
               +--------+--------+--------+--------+--------+-----+--------+

Top non-repeatable levels by time:
     D:1: 938 daAuts
     D:5: 874 daAuts
     D:3: 857 daAuts
     D:2: 639 daAuts
     D:4: 565 daAuts
     D:6: 287 daAuts
